AoeStats
← Red Calypso

MegaRandom

505131433Analyzed
4v4 RM · 25d ago on Sep 8, 2026· 24m 54s· 8 players
Game mode
Random Map
Map size
Large (8 player)
Population
200
Speed
Normal
Resources
Standard
Victory
Conquest
Starting age
Dark Age
Ending age
Imperial Age
RankedLock teamsTeams togetherTeam positionsShared explorationLock speedFull tech treeHidden civsTurbo modeCheats
Victory
Defeat
🇩🇪 Persians · Germany
1483
+13
🇩🇪 Mongols · Germany
1469
+13
🇩🇪 Berbers · Germany
1422
+15
🇦🇹 Japanese · Austria
1367
+18
🇲🇽 Britons · Mexico
1449
-16
🇺🇸 Magyars · United States
1402
-15
🇮🇹 Magyars · Italy
1398
-14
🇦🇷 Vietnamese · Argentina
1390
-14
Blaze
9:32 Feudal Age
10:25 Loom
23:06 Bloodlines
sgt peppers s
6:30 Loom
9:14 Feudal Age
13:52 Fletching
20:07 Padded Archer Armor
27:31 Castle Age
ITA | Carma II
6:39 Loom
10:20 Feudal Age
11:06 Double-Bit Axe
17:57 Town Watch
21:00 Scale Barding Armor
22:00 Bloodlines
22:43 Wheelbarrow
26:32 Castle Age
Te_Detono_FaciL
6:11 Loom
11:02 Feudal Age
16:06 Double-Bit Axe
16:03 Horse Collar
22:44 Castle Age
21:02 Fletching
21:13 Padded Archer Armor
21:27 Gold Mining
23:25 Bodkin Arrow
23:39 Crossbowman
Red Calypso
6:30 Loom
8:49 Feudal Age
10:57 Feudal Age
11:48 Man-at-Arms
17:01 Double-Bit Axe
21:35 Horse Collar
22:15 Fletching
27:28 Castle Age
vR-MrReD
5:41 Loom
8:53 Feudal Age
9:31 Double-Bit Axe
13:57 Scale Barding Armor
14:55 Forging
17:36 Bloodlines
21:55 Castle Age
22:40 Wheelbarrow
22:44 Chain Barding Armor
25:18 Husbandry
LukasPlanet
4:48 Loom
5:59 Loom
8:53 Feudal Age
9:42 Double-Bit Axe
18:02 Wheelbarrow
20:45 Castle Age
19:00 Scale Barding Armor
19:05 Forging
19:25 Horse Collar
19:55 Gold Mining
20:16 Forging
20:18 Bloodlines
22:07 Bow Saw
21:58 Heavy Plow
22:04 Husbandry
sunSmit
8:19 Feudal Age
9:37 Double-Bit Axe
11:49 Fletching
12:25 Loom
15:03 Padded Archer Armor
21:46 Castle Age
20:17 Gold Mining
21:17 Horse Collar
22:23 Bodkin Arrow
21:48 Crossbowman
23:24 Bow Saw
Connection lost

Rejoining the realm…

Still unreachable

The connection could not be restored.

Session expired

The server has moved on; the page needs a fresh start.